 Dungeon Crawl Stone Soup version 0.27.1 (webtiles) character file.

Game seed: 8716148390966036263

16 Tsarbomb the Magician (level 2, 0/21 HPs)
             Began as a Djinni Fire Elementalist on Sept 4, 2021.
             Frozen to death by an endoplasm (3 damage)
             ... on level 1 of the Dungeon.
             The game lasted 00:04:21 (622 turns).

Tsarbomb the Magician (Djinni Fire Elementalist)     Turns: 622, Time: 00:04:23

Health: 0/21       AC:  3    Str:  7    XL:     2   Next: 75%
Gold:   23         EV: 11    Int: 16    God:
                   SH:  0    Dex: 13

rFire    + + .     SeeInvis .   c - +1 dagger (vamp)
rCold    x . .     Faith    .   (no shield)
rNeg     . . .     Spirit   .   e - +0 leather armour
rPois    ∞         Reflect  .   (no helmet)
rElec    .         Harm     .   (no cloak)
rCorr    .         Rampage  .   (no gloves)
Will     .....                  (boots unavailable)
Stlth    ++........             (no amulet)
HPRegen  0.07/turn              (no ring)
MPRegen  0.00/turn              (no ring)

@: flying
A: sickness immunity, fire resistance 2, cold vulnerability 1, float, innate
caster, hp casting, extra vitality 1
a: no special abilities


You were on level 1 of the Dungeon.
You visited 1 branch of the dungeon, and saw 1 of its levels.

You collected 23 gold pieces.

Inventory:

Hand Weapons
 c - a +1 vampiric dagger (weapon)
Missiles
 d - 25 stones
Armour
 a - a +0 robe
 e - a +0 leather armour (worn)
Scrolls
 b - a scroll of identify {unknown}


   Skills:
 * Level 0.1 Short Blades
 + Level 2.5 Dodging
 + Level 1.8 Stealth
 + Level 2.7 Spellcasting


You couldn't memorise any spells.
You knew the following spells:

 Your Spells              Type           Power      Damage    Failure   Level
a - Foxfire               Conj/Fire      44%        2x1d6     10%         1
b - Conjure Flame         Conj/Fire      11%        6-21      28%         3
c - Inner Flame           Hex/Fire       11%        N/A       28%         3
d - Sticky Flame          Conj/Fire      11%        2d3       67%         4
e - Fireball              Conj/Fire      5%         3d5       95%         5
Your spell library was empty.

Dungeon Overview and Level Annotations

Branches:
Dungeon (1/15)

Altars:


Innate Abilities, Weirdness & Mutations

You are immune to sickness and miasma.
You are immune to poison.
Your flesh is very heat resistant. (rF++)
You are vulnerable to cold. (rC-)
You float through the air rather than walking.
You learn spells naturally, not from books.
Your magical power is your life essence.
You have superior vitality. (+4 HP)


Message History

The ball python constricts you.
You closely miss the ball python. The endoplasm hits you.
The ball python bites you. The ball python constricts you.
You closely miss the ball python. The endoplasm freezes you.
You are frozen.
The ball python bites you but does no damage.
The ball python constricts you.
Your leather armour prevents you from hitting the ball python.
The ball python barely misses you. The ball python constricts you.
The endoplasm freezes you.
You are frozen.
You feel a terrible chill!
You hit the ball python.
You feel better.
The ball python is moderately wounded.
The ball python bites you. The ball python constricts you.
The endoplasm closely misses you.
You barely miss the ball python.
The ball python is moderately wounded.
The ball python bites you. The ball python constricts you.
The endoplasm freezes you.
You are frozen.
You feel a terrible chill!
* * * LOW HITPOINT WARNING * * *
The ball python bites you but does no damage.
The ball python constricts you.
* * * LOW HITPOINT WARNING * * *
You escape the ball python's grasp.
Casting: Foxfire (safe; 10% risk of failure)
Confirm with . or Enter, or press ? or * to list all spells.
You conjure some foxfire!
* * * LOW HITPOINT WARNING * * *
The endoplasm hits you.
* * * LOW HITPOINT WARNING * * *
Your foxfire dissipates!
Casting: Foxfire (safe; 10% risk of failure)
Confirm with . or Enter, or press ? or * to list all spells.
You conjure some foxfire!
* * * LOW HITPOINT WARNING * * *
The endoplasm freezes you.
You are frozen.
You feel a terrible chill!
You die...

#####.##### .## #.##### ..#
#...... #+ #.# #..#### ... #.#
#...... .... ### #.# #......
##.......## ###.###.# ##.....
#.....>...###.v.....#######....#
+.........'...v@................
#.........###..J....#######..÷..
#.......# #.#S##.## ##..##
#.....# #......# #.## #...#
###.#### #.# #'# #.# #.# #.# #.#
####.### #.# #.# #.......
##S#########.# #.......


You could see an endoplasm (ally target) and a ball python.

Vanquished Creatures
  A dart slug (D:1)
  2 ball pythons (D:1)
  A bat (D:1)
  2 endoplasms (D:1)
  3 hobgoblins (D:1)
  A kobold (D:1)
  A quokka (D:1)
  A rat (D:1)
12 creatures vanquished.

Vanquished Creatures (others)
  22 foxfires (D:1)
22 creatures vanquished.

Grand Total: 34 creatures vanquished

Notes
Turn   | Place    | Note
-------+----------+-------------------------------------------
     0 | D:1      | Tsarbomb the Djinni Fire Elementalist began the quest for
                  | the Orb.
     0 | D:1      | Reached XP level 1. HP: 15/15 MP: 0/0
   292 | D:1      | Reached XP level 2. HP: 19/21 MP: 0/0
   622 | D:1      | Frozen to death by an endoplasm

Illustrated notes

Levels and vault maps discovered:
D:1:      dpeg_arrival_water_temple_mockup, layout_loops_corners

Action                   || total
-------------------------++-------
Melee: Unarmed           ||     9
       Dagger            ||    20
 Cast: Foxfire           ||    15
 Stab: Sleeping          ||     1
Armor: Robe              ||     6
       Leather armour    ||     5
Dodge: Dodged            ||    19
